 Dungeon Crawl Stone Soup version 0.29.0-5-ge4962eb29e (webtiles) character file.

Game seed: 14843706526605375540

6 Sobieck the Digger (level 1, 0/9 HPs)
             Began as a Vine Stalker Earth Elementalist on Aug 29, 2022.
             Slain by a kobold
             ... wielding a +0 short sword
              (2 damage)
             ... on level 1 of the Dungeon.
             The game lasted 00:00:52 (231 turns).

Sobieck the Digger (Vine Stalker Earth Elementalist) Turns: 231, Time: 00:00:53

Health: 0/9        AC:  2    Str: 10    XL:     1   Next: 90%
Magic:  0/4        EV: 12    Int: 15    God:
Gold:   10         SH:  0    Dex: 14    Spells: 3/4 levels left

rFire   . . .      SeeInvis .   a - +0 short sword {short}
rCold   . . .      Faith    .   (no shield)
rNeg    . . .      Spirit   +   d - +0 robe
rPois   .          Reflect  .   (no helmet)
rElec   .          Harm     .   (no cloak)
rCorr   .          Rampage  .   (no gloves)
Will    .....                   (no boots)
Stlth   ++........              (no amulet)
HPRegen 0.03/turn               (no ring)
MPRegen 0.09/turn               (no ring)

@: no status effects
A: fangs 2, magic shield, antimagic bite, no potion heal 2
a: no special abilities


You were on level 1 of the Dungeon.
You visited 1 branch of the dungeon, and saw 1 of its levels.

You collected 10 gold pieces.


Innate Abilities, Weirdness & Mutations

You have extremely sharp teeth.
When hurt, damage is shared between your health and your magic reserves.
Your bite disrupts and absorbs the magic of your enemies.
Potions cannot restore your health.


   Skills:
 * Level 0.6 Short Blades
 - Level 1.5 Dodging
 + Level 2.8 Stealth
 - Level 2.1 Spellcasting
 - Level 1.0 Transmutations
 + Level 3.0 Earth Magic


You had 3 spell levels left.
You knew the following spells:

 Your Spells              Type           Power      Damage    Failure   Level
a - Sandblast             Erth           20%        2d7       6%          1

Your spell library contained the following spells:

 Spells                   Type           Power      Damage    Failure   Level
 Passwall                 Tmut/Erth      5%         N/A       14%         2
 Stone Arrow              Conj/Erth      12%        3d7       34%         3
 Petrify                  Tmut/Erth      7%         N/A       67%         4

Inventory:

Hand Weapons
 a - a +0 short sword (weapon) {short}
   (You took it off a kobold on level 1 of the Dungeon)
Armour
 d - a +0 robe (worn)
Scrolls
 c - a scroll of poison {unknown}
Potions
 b - a potion of magic
 e - a potion of might {unknown}
 f - a potion of lignification {unknown}

Dungeon Overview and Level Annotations

Branches:
Dungeon (1/15) Zot: 5765

Altars:

# # .#. #.# ######
#.# .....#.
#######.###>......
.$.......@Kg.#
#####..####.# #..#
# #..# #..# #.##
#.# #)#####.# ##
#........ .#


You could see a goblin and a kobold.


Message History

The magnificent Orb of Zot lies far below, as if waiting for you to find it.
Press ? for a list of commands and other information.
Found a staircase leading out of the dungeon.
Unknown command.
Found an escape hatch in the floor.
Unknown command.
You enter the shallow water.
Moving in this stuff is going to be slow.
You open the door.
There is an open door here.
A frilled lizard comes into view.
You see here 10 gold pieces.
Danger!
The blast of sand hits the frilled lizard.
You kill the frilled lizard!
You now have 10 gold pieces.
c - a scroll labelled MAMAKHL ROSEM Unknown command.
A kobold comes into view. It is wielding a +0 short sword.
The kobold shouts!
Danger!
The blast of sand hits the kobold!
You kill the kobold!
d - a +0 short sword {short} Adjust (i)tems, (s)pells, or (a)bilities?
d - a +0 short sword {short} Adjust to which letter? (? for menu, Esc to quit)
a - a +0 short sword {short};
d - a +0 robe (worn)
a - a +0 short sword (weapon)
{short}
Okay, then.
Unknown command.
Unknown command.
e - a lumpy grey potion Unknown command.
A bat comes into view.
Danger!
The helpless bat fails to defend itself.
You hit the bat. The bat closely misses you.
Unknown command.
The bat closely misses you. The bat closely misses you.
The bat hits you but does no damage.
You barely miss the bat. The bat barely misses you. The bat hits you.
You hit the bat.
You kill the bat!
No target in view!
No target in view!
f - a fuming purple potion A ball python comes into view.
Danger!
The helpless ball python fails to defend itself.
You hit the ball python.
You kill the ball python!
Unknown command.
A rat comes into view.
You see here a ball python corpse.
Danger!
A goblin comes into view. It is wielding a +0 dagger.
The rat barely misses you.
You hit the rat.
You kill the rat!
A rat comes into view.
The helpless goblin fails to defend itself.
You hit the goblin.
You kill the goblin!
Unknown command.
Things that are here:
a +0 dagger {short}; a goblin corpse The helpless rat fails to defend itself.
You puncture the rat!
You kill the rat!
Unknown command.
A goblin comes into view. It is wielding a +0 club.
Found 12 gold pieces.
Found a stone staircase leading down.
Danger!
A kobold comes into view. It is wielding a +0 short sword.
The kobold shouts!
The goblin shouts!
The kobold misses you.
Unknown command.
Unknown command.
The goblin attacks as you move away! The goblin hits you with a +0 club.
The kobold attacks as you move away!
The kobold hits you with a +0 short sword.
Unknown command.
Unknown command.
Casting: Sandblast (safe; 6% risk of failure)
Confirm with . or Enter, or press ? or * to list all spells.
Aiming: Sandblast (safe; 6% risk of failure)
Press: ? - help, Shift-Dir - straight line, f - kobold
Aim: a kobold, wielding a +0 short sword (77% to hit)
The blast of sand hits the kobold but does no damage.
The kobold barely misses you.
The kobold hits you with a +0 short sword.
* * * LOW HITPOINT WARNING * * *
Unknown command.
You closely miss the kobold.
The kobold hits you with a +0 short sword.
* * * LOW HITPOINT WARNING * * *
You barely miss the kobold. You punch the kobold. Your bite misses the kobold.
The kobold hits you with a +0 short sword.
You die...

Action                   || total
-------------------------++-------
Melee: Short sword       ||     9
       Punch             ||     1
 Cast: Sandblast         ||     3
 Stab: Sleeping          ||     4
Armor: Robe              ||     1
Dodge: Dodged            ||     7

Levels and vault maps discovered:
D:1:      saegor_arrival_simple_d, layout_loops_ring,
          ebering_ecumenical_altar_abandoned

Notes
Turn   | Place    | Note
-------+----------+-------------------------------------------
     0 | D:1      | Sobieck the Vine Stalker Earth Elementalist began the quest
                  | for the Orb.
     0 | D:1      | Reached XP level 1. HP: 9/9 MP: 4/4
   229 | D:1      | HP: 2/9 [kobold/+0 short sword (3)]
   231 | D:1      | Slain by a kobold

Vanquished Creatures
  A bat (D:1)
  A goblin (D:1)
  A ball python (D:1)
  A frilled lizard (D:1)
  A kobold (D:1)
  2 rats (D:1)
7 creatures vanquished.

Table legend:
 A = Non-vault XP
 B = Vault XP
 C = Vault XP percentage of total XP
 D = Non-vault monster count
 E = Vault monster count
 F = Vault count percentage of total count
                 A         B        C        D         E       F
            +---------+---------+-------+---------+---------+-------
      Total |       9 |       0 |   0.0 |       7 |       0 |   0.0
            +---------+---------+-------+---------+---------+-------
        D:1 |       9 |       0 |   0.0 |       7 |       0 |   0.0
            +---------+---------+-------+---------+---------+-------

Illustrated notes

Table legend:
 A = Kills in this place as a percentage of kills in entire the game.
 B = Kills by you in this place as a percentage of kills by you in the entire game.
 C = Kills by friends in this place as a percentage of kills by friends in the entire game.
 D = Other kills in this place as a percentage of other kills in the entire game.
 E = Experience gained in this place as a percentage of experience gained in the entire game.
 F = Experience gained in this place divided by the number of levels of this place that you have seen.
                   A       B       C       D       E      F
               +-------+-------+-------+-------+-------+----------------------
         Total | 100.0 | 100.0 |   N/A |   N/A | 100.0 |   9.0
       Dungeon | 100.0 | 100.0 |   N/A |   N/A | 100.0 |   9.0
               +-------+-------+-------+-------+-------+----------------------

Table legend: (Time is in decaauts)
 A = Elapsed time spent in this place.
 B = Non-inter-level travel time spent in this place.
 C = Inter-level travel time spent in this place.
 D = Time resting spent in this place.
 E = Time spent auto-exploring this place.
 F = Levels seen in this place.
 G = Mean time per level.
                   A        B        C        D        E       F      G
               +--------+--------+--------+--------+--------+-----+--------+
         Total |    233 |    233 |      0 |      0 |    176 |   1 |  233.0 |
       Dungeon |    233 |    233 |      0 |      0 |    176 |   1 |  233.0 |
               +--------+--------+--------+--------+--------+-----+--------+

Top non-repeatable levels by time:
     D:1: 233 daAuts
